Unix NetHack Version 5.0.0-0 post-release - last build Jun 10 2026 00:39:30 (3ee93aec679c4c4259841fe613dc97188e26a321,branch:main).

Game began 2026-06-13 21:02:36, ended 2026-06-13 21:52:42.

BatBeefs, neutral female human Tourist

                --------
              ##.......|
              # |......|           %
              # |......|        ---#----                      --------------
             ## |....>.|       #-......-#####   ------ #######-.@..????++?@|
            ##  |)...+.|       #|......|    ####-.)0.-##      |..?+??.+.??m|
 ---------  #   -.------       #|......|        |.)..|        |.??..+.?.f??|
 |.<.....|  #    ####         ##|......|        |....|        |.?.?]?.??]??|
 |.......|  #       #         # |..(...|        ------        --------------
 |.......|  #       #        ## |......|
 |.......-###       ##     ###  --------
 |.......|           ####  #
 |.......|            # #  #
 ---------           -|-|--#
                     |....|#
                     |....-#
                     ------

BatBeefs the Sightseer      St:15 Dx:9 Co:17 In:12 Wi:12 Ch:13  Neutral S:736
Dlvl:3  $:17 HP:0(41) Pw:19(19) AC:5  Xp:4/129 T:2212  Hungry   Burdened

Latest messages:
 You put a scroll of identify into the bag.
 You see here a scroll labeled ELAM EBOW (for sale, 133 zorkmids).
 You have a little trouble lifting a scroll labeled ELAM EBOW.  Continue? [ynq] (q) y
 "For you, most gracious lady; only 133 zorkmids for this scroll labeled ELAM EBOW."
 You have a little trouble lifting Z - a scroll labeled ELAM EBOW (unpaid, 133 zorkmids).
 Your movements are slowed slightly because of your load.
 You bought a scroll labeled ELAM EBOW for 133 gold pieces.
 "Thank you for shopping in Lahinch's second-hand bookstore!"
 What do you want to name? [a-cehmnpsyzGHJPQZ or ?*] W
 You don't have that object.
 What do you want to name? [a-cehmnpsyzGHJPQZ or ?*] ?
 What do you want to name this scroll labeled ELAM EBOW? cursed
 What do you want to use or apply? [chn or ?*] h
 You put a scroll labeled ELAM EBOW named cursed into the bag.
 "For you, most gracious lady; only 27 zorkmids for this scroll of identify."
 You have a little trouble lifting d - a scroll of identify (unpaid, 27 zorkmids).
 You bought a scroll of identify for 27 gold pieces.
 "Thank you for shopping in Lahinch's second-hand bookstore!"
 What do you want to use or apply? [chn or ?*] h
 You put a scroll of identify into the bag.
 You see here a scroll called remove curse (for sale, 107 zorkmids).
 You see here a scroll of punishment (for sale, 400 zorkmids).
 Ovulator picks up a thick spellbook.
 "For you, esteemed lady; only 27 zorkmids for this scroll of identify."
 You have a little trouble lifting f - a scroll of identify (unpaid, 27 zorkmids).
 You bought a scroll of identify for 27 gold pieces.
 "Thank you for shopping in Lahinch's second-hand bookstore!"
 What do you want to use or apply? [chn or ?*] h
 You put a scroll of identify into the bag.
 Ovulator drops a thick spellbook.
 You see here a plaid spellbook (for sale, 711 zorkmids).
 You see here a wrinkled spellbook (for sale, 1067 zorkmids).
 You see here a scroll called remove curse (for sale, 107 zorkmids).
 You see here a scroll of magic mapping (for sale, 133 zorkmids).
 You are beginning to feel hungry.
 That scroll of identify is a giant mimic!
 You cannot escape from the giant mimic!
 The giant mimic hits!
 The giant mimic hits again!
 What do you want to use or apply? [chn or ?*] h
 You have a little trouble removing Z - a scroll labeled ELAM EBOW named cursed.
 The giant mimic hits!
 The giant mimic hits again!
 You die...
 Lahinch gratefully inherits all your possessions.
 Do you want to see what you had when you died? [ynq] (y) y
 Do you want to see your attributes? [ynq] (y) y
 Do you want an account of creatures vanquished? [ynaq] (y) y
 Do you want to see your conduct and achievements? [ynq] (y) y
 Do you want to see the dungeon overview? [ynq] (y) n

Inventory:
 Coins    ('$')
  $ - 17 gold pieces
 Weapons  (')')
  y - 36 blessed +2 darts named original (at the ready)
  a - 5 rustproof +0 daggers (wielded)
  P - a +0 dagger
  J - a blessed rusty +0 orcish dagger
  G - a +0 flail
  H - a +0 long sword
 Armor    ('[')
  z - an uncursed +0 pair of low boots
  Q - an uncursed +0 dwarvish cloak named hobbit (being worn)
  m - an uncursed +0 Hawaiian shirt with a water nymph motif named original (being worn)
  p - an uncursed +0 chain mail (being worn)
 Comestibles  ('%')
  e - an uncursed carrot
  b - 7 uncursed food rations
 Scrolls  ('?')
  Z - a cursed scroll of destroy armor named cursed
 Rings    ('=')
  s - an uncursed -3 ring of adornment
 Tools    ('(')
  h - an uncursed sack containing 14 items
  c - an uncursed credit card named original
  n - an expensive camera named original (0:59)

Contents of the sack:
  a blessed scroll of blank paper
  an uncursed scroll of blank paper
  4 uncursed scrolls of identify
  a cursed scroll of identify named cursed
  a blessed scroll of magic mapping
  3 uncursed scrolls of magic mapping
  a blessed potion of extra healing
  an uncursed potion of extra healing
  a blessed potion of hallucination
  a cursed potion of healing
  an uncursed potion of invisibility
  an uncursed potion of monster detection
  an uncursed potion of speed
  an uncursed worthless piece of green glass

BatBeefs the Tourist's attributes:

Background:
 You were a Sightseer, a level 4 female human Tourist.
 You were neutral, nominally on a mission for The Lady
 who was opposed by Blind Io (lawful) and Offler (chaotic).
 You were right-handed.
 You were in the Dungeons of Doom, on level 3.
 You entered the dungeon 2212 turns ago.
 You had 129 experience points, 31 more were needed to attain level 5.
 Your score was 736 before end-of-game adjustments.

Basics:
 You had 0 out of 41 hit points.
 You had all 19 energy points (spell power).
 Your armor class was 5.
 Your wallet contained 17 zorkmids.
 Autopickup was off.

Final Characteristics:
 Your strength was 15 (limit:18/100).
 Your dexterity was 9 (limit:18).
 Your constitution was 17 (limit:18).
 Your intelligence was 12 (limit:18).
 Your wisdom was 12 (limit:18).
 Your charisma was 13 (limit:18).

Final Status:
 You were held by a giant mimic (south).
 You were hungry.
 You were burdened; movement was slightly slowed.
 You were wielding daggers.
 You were unskilled in dagger.

Final Attributes:
 You were piously aligned.
 Your items were somewhat protected from fire.
 Your items were somewhat protected from cold.
 You would have confused monsters when hitting them.
 You were warded.
 You are dead.

Miscellaneous:
 You didn't encounter any bones levels.
 Total elapsed playing time was 50 minutes and 4 seconds.

Major events:
 Turn
    1: BatBeefs the neutral female human Tourist entered the dungeon
  999: attained the rank of Sightseer (level 3)
 2212: killed by a giant mimic

You didn't know any spells.

Skills:
 Fighting Skills
   bare handed combat [Unskilled]
   two weapon combat  [Unskilled]
   riding             [Unskilled]
 Weapon Skills
   dagger             [Unskilled]
   knife              [Unskilled]
   axe                [Unskilled]
   pick-axe           [Unskilled]
   short sword        [Unskilled]
   broadsword         [Unskilled]
   long sword         [Unskilled]
   two-handed sword   [Unskilled]
   saber              [Unskilled]
   mace               [Unskilled]
   morning star       [Unskilled]
   flail              [Unskilled]
   hammer             [Unskilled]
   quarterstaff       [Unskilled]
   polearms           [Unskilled]
   spear              [Unskilled]
   trident            [Unskilled]
   lance              [Unskilled]
   bow                [Unskilled]
   sling              [Unskilled]
   crossbow           [Unskilled]
   dart               [Basic]
   shuriken           [Unskilled]
   boomerang          [Unskilled]
   whip               [Unskilled]
   unicorn horn       [Unskilled]
 Spellcasting Skills
   divination spells  [Unskilled]
   enchantment spells [Unskilled]
   escape spells      [Unskilled]

Voluntary challenges:
 Character rerolling was not enabled.
 You were an atheist.
 You never genocided any monsters.
 You never polymorphed an object.
 You never changed form.
 You used no wishes.
Achievements:
 You entered a shop.
 You attained the rank of Sightseer.

 The Dungeons of Doom: levels 1 to 4
    Level 1:
    Level 2:
       A general store.
    Level 3: <- You were here.
       A scroll shop.
       Final resting place for
          you, killed by a giant mimic.
    Level 4:


Vanquished creatures:
  a little dog
  2 floating eyes
  2 homunculi
  a gas spore
  a hobbit
  a hobgoblin
  a giant rat
  4 gnomes
  2 geckos
  4 jackals
  4 foxes
  a goblin
  3 sewer rats
  8 grid bugs
  4 lichens
  a newt
40 creatures vanquished.

No species were genocided or became extinct.

Game over:
                       ----------
                      /          \
                     /    REST    \
                    /      IN      \
                   /     PEACE      \
                  /                  \
                  |     BatBeefs     |
                  |      17 Au       |
                  |   killed by a    |
                  |   giant mimic    |
                  |                  |
                  |                  |
                  |       2026       |
                 *|     *  *  *      | *
        _________)/\\_//(\/(/\)/\//\/|_)_______

Aloha BatBeefs the Tourist...

You died in The Dungeons of Doom on dungeon level 3 with 736 points,
and 17 pieces of gold, after 2212 moves.
You were level 4 with a maximum of 41 hit points when you died.

